Map: [ESL] Cosmic Sapphire

Players

Solar

  • Race: Zerg Zerg
  • Spawn Location: 11:00

Elazer - Winner!

  • Race: Zerg Zerg
  • Spawn Location: 5:00

Event: DreamHack SC2 Masters 2022 Valencia

VOD

Have the link to the VOD?

Description

Time

  • Played on: July 2, 2022, 6:37 a.m.
  • Length: 11:18

All games in this series

Show
View Real Time Build Order
Export as new Build Order

Solar Zerg 

Build Orders: Hatch First 

Get SALT Encoding   

  12  0:00  Drone  
  13  0:12  Overlord  
  13  0:17  Drone  
  14  0:31  Drone x2  
  16  0:47  Hatchery  
  15  0:51  Drone  
  15  0:54  Drone  
  17  0:58  Drone  
  18  1:08  Extractor  
  17  1:13  Spawning Pool  
  17  1:16  Drone  
  17  1:20  Drone  
  18  1:29  Drone  
  19  1:39  Drone  
  20  1:50  Drone  
  21  2:00  Queen x2, Zergling x4  
  27  2:05  Spine Crawler  
  26  2:12  Zergling x4  
  26  2:14  Metabolic Boost  
  28  2:22  Overlord  
  25  2:37  Zergling x6  
  25  2:42  Zergling x2  
  23  2:52  Queen  
  23  2:55  Zergling x2  
  25  2:58  Zergling x2  
  25  3:03  Zergling x2  
  24  3:07  Zergling x4  
  23  3:15  Zergling x2  
  17  3:33  Zergling x2  
  18  3:39  Drone  
  18  3:43  Drone  
  19  3:49  Drone  
  21  3:55  Drone  
  21  4:06  Drone x2  
  23  4:15  Queen  
  24  4:18  Drone  
  24  4:23  Drone  
  23  4:30  Drone x2  
  25  4:32  Drone  
  25  4:36  Zergling x2  
  25  4:38  Drone  
  27  4:41  Drone  
  27  4:44  Drone  
  29  4:52  Drone x2  
  31  5:01  Overlord  
  31  5:03  Drone  
  31  5:06  Drone  
  31  5:07  Drone x2  
  35  5:13  Drone  
  35  5:15  Drone  
  35  5:20  Evolution Chamber  
  35  5:25  Drone x2  
  35  5:27  Roach Warren  
  35  5:28  Zergling x2  
  37  5:30  Drone  
  38  5:35  Overlord  
  38  5:42  Drone  
  41  5:43  Drone  
  41  5:49  Lair  
  42  5:50  Drone  
  42  5:52  Drone  
  42  5:56  Zerg Missile Weapons Level 1  
  44  5:58  Drone  
  44  5:59  Extractor  
  44  6:00  Extractor  
  44  6:02  Overlord  
  43  6:04  Drone  
  43  6:07  Drone  
  43  6:09  Drone  
  43  6:10  Drone x3  
  46  6:15  Drone x2  
  48  6:19  Overlord  
  48  6:20  Roach x2  
  52  6:29  Roach  
  52  6:31  Roach  
  56  6:33  Roach x2  
  56  6:35  Overlord  
  60  6:44  Overlord  
  60  6:46  Glial Reconstitution  
  60  6:51  Overseer  
  60  6:58  Roach x2  
  67  7:08  Roach x3  
  67  7:12  Hatchery  
  67  7:14  Roach x2  
  72  7:16  Overlord  
  72  7:20  Roach x2  
  76  7:25  Roach x2  
  76  7:27  Roach  
  82  7:31  Roach  
  82  7:32  Overlord  
  82  7:36  Roach  
  86  7:39  Roach  
  86  7:43  Roach x2  
  92  7:48  Overlord  
  92  7:55  Roach x3  
  92  7:56  Roach  
  92  7:57  Overlord  
  100  8:05  Overlord  
  100  8:08  Drone  
  100  8:09  Drone x2  
  100  8:10  Queen, Drone  
  106  8:17  Drone x3  
  109  8:20  Extractor  
  109  8:24  Drone x3  
  109  8:26  Zerg Missile Weapons Level 2  
  105  8:33  Drone  
  94  8:38  Roach x2  
  92  8:43  Drone x2  
  92  8:44  Roach x4  
  92  8:47  Evolution Chamber, Drone  
  92  8:48  Drone  
  103  8:50  Extractor  
  103  8:52  Drone  
  103  8:55  Drone  
  104  8:58  Ravager  
  104  9:00  Drone x2  
  107  9:04  Drone  
  108  9:11  Drone x2  
  108  9:13  Hatchery  
  108  9:15  Zerg Ground Armor Level 1  
  109  9:18  Roach  
  109  9:21  Ravager  
  109  9:22  Ravager  
  113  9:25  Extractor, Overlord  
  113  9:26  Roach x2  
  113  9:28  Ravager  
  113  9:29  Drone x2  
  113  9:31  Drone  
  120  9:33  Ravager  
  120  9:34  Drone x2  
  120  9:36  Roach  
  125  9:39  Roach x2  
  125  9:42  Overlord  
  125  9:45  Roach  
  131  9:47  Roach  
  131  9:48  Roach  
  131  9:50  Roach  
  131  9:51  Ravager  
  138  9:55  Overlord  
  138  10:01  Burrow  
  138  10:03  Roach, Drone x2  
  138  10:04  Roach  
  144  10:08  Roach  
  144  10:10  Overlord  
  144  10:13  Overlord  
  146  10:14  Roach  
  146  10:15  Roach  
  146  10:19  Roach x2  
  154  10:23  Overlord  
  154  10:27  Roach x3  
  160  10:30  Queen  
  160  10:31  Overseer  
  162  10:35  Overlord  
  162  10:37  Drone  
  162  10:39  Roach x2  
  162  10:42  Overlord  
  167  10:44  Roach x2  
  167  10:47  Roach  
  167  10:48  Roach x2  
  177  10:50  Overlord  
  177  10:52  Overlord  
  177  10:59  Overlord  
  177  11:00  Overlord  
Show
View Real Time Build Order
Export as new Build Order

Elazer Zerg - Winner!

Build Orders: 1 Base Baneling Bust, Pool First 

Get SALT Encoding   

  12  0:00  Drone  
  13  0:10  Extractor  
  12  0:23  Spawning Pool  
  12  0:28  Drone  
  12  0:33  Drone  
  13  0:38  Drone  
  14  0:49  Overlord  
  14  1:10  Metabolic Boost  
  14  1:11  Zergling x4  
  14  1:13  Zergling x2  
  17  1:22  Zergling x2  
  18  1:30  Baneling Nest  
  17  1:34  Zergling x2  
  18  1:44  Zergling x2  
  19  1:56  Zergling x2  
  20  2:08  Zergling x2  
  21  2:15  Baneling x2  
  21  2:18  Zergling x2  
  21  2:37  Hatchery  
  21  2:39  Zergling x2  
  21  2:45  Zergling x2  
  21  2:56  Baneling  
  21  3:00  Zergling x2  
  21  3:04  Queen  
  21  3:23  Zergling x4  
  20  3:27  Zergling x2  
  21  3:34  Zergling x2  
  20  3:46  Drone  
  20  3:47  Queen  
  22  3:49  Queen  
  22  3:52  Drone  
  25  3:57  Drone  
  25  4:05  Drone  
  26  4:17  Zergling x4  
  25  4:26  Drone x3  
  27  4:31  Drone  
  28  4:39  Overlord  
  28  4:51  Overlord  
  28  5:00  Drone x7  
  28  5:02  Drone  
  36  5:10  Drone x3  
  36  5:13  Drone  
  40  5:20  Overlord  
  40  5:22  Drone  
  41  5:33  Drone x3  
  44  5:38  Overlord  
  44  5:40  Drone  
  45  5:45  Hatchery  
  44  5:53  Evolution Chamber  
  44  5:55  Zergling x8  
  47  5:59  Drone x2  
  47  6:03  Drone x3  
  52  6:07  Lair  
  52  6:09  Drone  
  52  6:10  Drone  
  54  6:13  Drone  
  54  6:15  Overlord  
  54  6:17  Extractor  
  54  6:19  Extractor  
  54  6:21  Zerg Ground Armor Level 1  
  54  6:23  Drone  
  54  6:28  Overlord  
  54  6:29  Drone  
  55  6:33  Drone  
  55  6:37  Drone x5  
  61  6:43  Roach Warren  
  61  6:44  Drone  
  61  6:49  Overlord  
  61  6:53  Drone x2  
  62  6:58  Drone x3  
  65  7:07  Overlord  
  63  7:13  Overseer  
  63  7:16  Drone  
  63  7:17  Drone x3  
  63  7:20  Overlord  
  63  7:21  Zergling x8  
  71  7:23  Glial Reconstitution  
  71  7:24  Extractor  
  71  7:29  Roach x4  
  78  7:32  Overlord  
  78  7:36  Roach  
  80  7:37  Roach  
  80  7:38  Roach x4  
  80  7:41  Roach  
  80  7:42  Roach  
  94  7:45  Roach x2  
  94  7:50  Overlord  
  98  7:54  Roach  
  98  7:56  Spine Crawler  
  98  7:57  Roach x3  
  105  8:01  Roach  
  105  8:02  Ravager  
  105  8:04  Roach  
  110  8:07  Roach x2  
  114  8:15  Roach x4  
  120  8:25  Queen  
  122  8:27  Roach x2  
  122  8:30  Roach x2  
  122  8:34  Roach x5  
  120  8:36  Queen  
  120  8:40  Roach x2  
  121  8:49  Extractor  
  120  8:55  Zerg Missile Weapons Level 1  
  120  8:57  Overlord  
  120  8:58  Drone  
  120  9:00  Hatchery  
  120  9:03  Overlord x2  
  120  9:10  Extractor  
  120  9:14  Drone x2  
  120  9:16  Drone x2  
  123  9:17  Roach x3  
  129  9:30  Roach  
  129  9:31  Roach x4  
  139  9:40  Roach  
  139  9:41  Roach  
  139  9:43  Ravager x2  
  145  9:49  Overlord x3  
  145  9:52  Overlord x2  
  145  10:09  Roach x9  
  145  10:13  Roach x5  
  173  10:20  Roach x4  
  181  10:27  Roach x2  
  185  10:29  Overlord  
  185  10:36  Overlord  
  185  10:37  Roach, Ravager  
  185  10:38  Roach  
  185  10:41  Ravager  

Tags
 
Add a new tag
Caveats
  • Supply blocks, unpowered buildings, or Contaminate may cause inaccurate times.
  • Supply counts are checked every 10 seconds.